AoeStats
← Orange Juice

Arabia

509229581Analyzed
3v3 RM · 7d ago on Sep 26, 2026· 21m 4s· 6 players
Game mode
Random Map
Map size
Normal (6 player)
Population
200
Speed
Normal
Resources
Standard
Victory
Conquest
Starting age
Dark Age
Ending age
Imperial Age
RankedLock teamsTeams togetherTeam positionsShared explorationLock speedFull tech treeHidden civsTurbo modeCheats
Victory
Defeat
🇦🇷 Britons · Argentina
1015
+15
🇦🇷 Huns · Argentina
975
+16
🇦🇷 Byzantines · Argentina
886
+21
🇨🇦 Danes · Canada
1027
-19
🇨🇦 Lithuanians · Canada
970
-17
🇸🇪 Saracens · Sweden
949
-16
TheKiddO233
10:43 Feudal Age
12:12 Loom
14:52 Castle Age
12:40 Horse Collar
12:53 Double-Bit Axe
Orange Juice
6:47 Loom
10:49 Feudal Age
11:25 Double-Bit Axe
18:33 Castle Age
AngryArtifact
11:15 Feudal Age
11:45 Double-Bit Axe
12:03 Horse Collar
23:26 Castle Age
Karambit Libertario
9:27 Feudal Age
10:07 Horse Collar
16:14 Double-Bit Axe
19:22 Bloodlines
22:02 Castle Age
20:04 Fletching
21:05 Wheelbarrow
20:16 Loom
20:57 Bloodlines
21:26 Padded Archer Armor
21:21 Gold Mining
olmes
8:17 Loom
10:26 Feudal Age
11:38 Horse Collar
11:46 Double-Bit Axe
20:32 Wheelbarrow
Mao
7:12 Loom
9:13 Feudal Age
10:02 Double-Bit Axe
11:11 Horse Collar
16:26 Fletching
21:22 Castle Age
Connection lost

Rejoining the realm…

Still unreachable

The connection could not be restored.

Session expired

The server has moved on; the page needs a fresh start.